Map: Ruins of Endion

Players

Miszu

  • Race: Zerg Zerg
  • League: Master

Hani - Winner!

  • Race: Terran Terran
  • League: Master

VOD

Have the link to the VOD?

Description

Time

  • Played on: June 20, 2016, 12:34 p.m.
  • Length: 5:37
Show
View Real Time Build Order
Export as new Build Order

Miszu Zerg 

Build Orders: Hatch First 

Get SALT Encoding   

  12  0:00  Drone  
  13  0:14  Overlord  
  13  0:22  Drone  
  14  0:32  Drone x2  
  16  0:38  Drone  
  17  0:56  Hatchery  
  16  0:58  Drone  
  17  1:09  Spawning Pool  
  16  1:13  Drone  
  16  1:16  Extractor  
  16  1:21  Drone x2  
  18  1:35  Drone  
  19  1:42  Overlord  
  19  1:58  Zergling x2  
  20  2:02  Zergling x2  
  20  2:04  Queen  
  20  2:07  Queen  
  25  2:09  Drone  
  25  2:13  Drone  
  25  2:15  Metabolic Boost  
  27  2:19  Drone  
  28  2:24  Drone  
  29  2:30  Drone  
  30  2:37  Drone  
  30  2:40  Overlord  
  31  2:47  Drone  
  31  2:49  Queen  
  34  2:51  Drone  
  34  2:57  Pneumatized Carapace  
  35  3:08  Hatchery  
  34  3:16  Drone x4  
  38  3:20  Drone  
  38  3:24  Overlord  
  38  3:26  Drone  
  40  3:31  Drone x2  
  40  3:32  Drone  
  43  3:37  Drone  
  44  3:49  Extractor x2  
  44  3:51  Drone x4  
  44  3:53  Roach Warren  
  44  3:54  Drone  
  44  3:55  Drone  
  47  3:57  Drone  
  47  4:01  Drone x2  
  50  4:10  Evolution Chamber  
  50  4:12  Evolution Chamber  
  50  4:15  Drone x3  
  51  4:25  Lair  
  51  4:26  Drone  
  51  4:29  Drone x5  
  57  4:34  Drone  
  58  4:43  Overlord  
  58  4:53  Overlord x2  
  58  4:54  Overlord  
  58  5:03  Overlord  
  58  5:05  Drone x7  
  58  5:06  Drone  
  66  5:12  Extractor, Drone x4  
  66  5:13  Extractor  
  68  5:14  Drone  
  68  5:15  Drone  
Show
View Real Time Build Order
Export as new Build Order

Hani Terran - Winner!

Build Orders:  

Get SALT Encoding   

  12  0:01  SCV  
  13  0:13  SCV  
  14  0:19  Supply Depot  
  14  0:25  SCV  
  15  0:40  SCV  
  15  0:42  Barracks  
  16  0:52  SCV  
  17  1:04  SCV  
  18  1:16  SCV  
  19  1:27  Command Center  
  19  1:29  Orbital Command  
  19  1:31  Marine  
  20  1:41  Supply Depot  
  20  1:49  Marine  
  20  1:52  Refinery  
  21  1:57  Refinery  
  21  1:59  SCV  
  22  2:08  Marine  
  22  2:11  SCV  
  24  2:23  SCV  
  24  2:26  Marine  
  26  2:35  SCV  
  27  2:42  Orbital Command  
  27  2:47  SCV  
  27  2:49  Barracks  
  27  2:51  Barracks  
  28  2:55  Barracks Tech Lab  
  28  2:59  SCV  
  29  3:07  Factory  
  29  3:12  SCV  
  30  3:22  SCV  
  30  3:24  Marine, SCV, Stimpack  
  33  3:34  SCV  
  34  3:36  SCV  
  34  3:37  Barracks Reactor  
  34  3:38  Marine  
  36  3:41  Supply Depot  
  36  3:46  SCV  
  36  3:48  SCV  
  38  3:51  Factory Reactor  
  38  3:52  Starport  
  38  3:53  Marine  
  39  3:56  Marine  
  39  3:58  SCV  
  39  4:00  SCV  
  42  4:07  Refinery  
  42  4:10  SCV  
  42  4:11  Supply Depot, Marine  
  42  4:12  SCV  
  45  4:19  Marine x2  
  45  4:22  SCV  
  48  4:24  Marine, SCV  
  48  4:29  Marine  
  51  4:34  SCV  
  51  4:36  SCV  
  53  4:41  Medivac  
  53  4:42  Medivac  
  57  4:45  Supply Depot  
  57  4:46  SCV  
  57  4:47  Command Center  
  57  4:48  SCV  
  57  4:49  Marine x2  
  57  4:52  Marine  
  62  5:02  Factory Reactor  
  62  5:07  Marine x3, SCV x2  
  67  5:17  Marine  
  67  5:19  Refinery  
  70  5:21  Supply Depot  
  70  5:22  SCV x2  
  70  5:24  Supply Depot  
  74  5:30  Engineering Bay  
  74  5:31  Engineering Bay  
Tags
 
Add a new tag
Caveats
  • Supply blocks, unpowered buildings, or Contaminate may cause inaccurate times.
  • Supply counts are checked every 10 seconds.